 Dungeon Crawl Stone Soup version 0.25.1-2-g60ff931df9 (webtiles) character file.

Game seed: 3286468648512563098

31401 DerDa the Nimble (level 13, 0/107 HPs)
             Began as a Red Draconian Earth Elementalist on Oct 10, 2020.
             Was an Elder of Sif Muna.
             Slain by a komodo dragon (15 damage)
             ... on level 5 of the Lair of Beasts.
             The game lasted 01:00:17 (19058 turns).

DerDa the Nimble (DrEE)                            Turns: 19058, Time: 01:00:18

Health: 0/107      AC:  9    Str: 10    XL:     13   Next: 25%
Magic:  15/26      EV: 19    Int: 27    God:    Sif Muna [****..]
Gold:   580        SH:  0    Dex: 12    Spells: 16/31 levels left

rFire    + . .     SeeInvis .   k - +3 broad axe
rCold    . . .     Gourm    .   (no shield)
rNeg     . . .     Faith    .   (armour unavailable)
rPois    .         Spirit   .   (helmet restricted)
rElec    .         Reflect  .   Q - +0 cloak
rCorr    .         Harm     .   (no gloves)
MR       .....                  (no boots)
Stlth    ++........             a - amulet of magic regeneration
HPRegen  0.27/turn              h - ring of wizardry
MPRegen  0.45/turn              x - +6 ring of intelligence

@: studying Dodging, lightly drained
A: breathe fire, unfitting armour, fire resistance 1, cold-blooded, AC +8
a: Breathe Fire, Channel Magic, Forget Spell, Divine Exegesis, Renounce Religion


You were on level 5 of the Lair of Beasts.
You worshipped Sif Muna.
Sif Muna was greatly pleased with you.
You were hungry.

You visited 3 branches of the dungeon, and saw 17 of its levels.

You collected 911 gold pieces.
You spent 331 gold pieces at shops.

Inventory:

Hand Weapons
 k - a +3 broad axe (weapon)
 m - the +5 hunting sling of Distant Shores {venom, rF+ Str+6 Stlth-, unknown}
   (You found it on level 5 of the Lair of Beasts)

   It poisons the ammo it fires.
   It affects your strength (+6).
   It protects you from fire.
   It makes you less stealthy.
 z - a +1 trident of protection
 P - a +3 scimitar
 R - a +0 short sword of freezing
Missiles
 b - 274 stones (quivered)
 l - 58 poisoned darts
 B - a throwing net
Armour
 e - a +0 kite shield
 Q - a +0 cloak (worn)
Jewellery
 a - an amulet of magic regeneration (around neck)
 f - a +4 ring of protection
 h - a ring of wizardry (left hand)
 i - an uncursed ring of see invisible
 n - an uncursed ring of poison resistance {unknown}
 x - a +6 ring of intelligence (right hand)
 D - an uncursed ring of protection from cold
 F - an uncursed ring of magical power
 H - an uncursed ring of resist corrosion
 L - an uncursed ring of fire
 Z - an uncursed ring of flight
Wands
 d - a wand of digging (13)
 r - a wand of polymorph (11)
 C - a wand of flame (40)
 E - a wand of clouds (5)
 J - a wand of paralysis (8)
 K - a wand of disintegration (6)
 V - a wand of acid (9)
Scrolls
 j - 2 scrolls of magic mapping
 o - 8 scrolls of enchant weapon
 s - 6 scrolls of remove curse
 t - a scroll of fog
 v - 2 scrolls of amnesia
 y - a scroll of holy word {unknown}
 G - 6 scrolls of enchant armour
 I - a scroll of blinking
 Y - a scroll of vulnerability
Potions
 g - 5 potions of mutation
 p - 3 potions of might
 w - 2 potions of cancellation
 A - a potion of heal wounds
 N - 2 potions of ambrosia {unknown}
 S - 2 potions of curing
 T - 2 potions of lignification
 U - a potion of degeneration {unknown}
 W - a potion of resistance {unknown}
Books
 u - a manual of Dodging
Miscellaneous
 q - a phantom mirror
 M - a box of beasts
Comestibles
 c - 20 rations
 O - a chunk of flesh


   Skills:
 + Level 7.8(7.4) Fighting
 * Level 12.2(11.8) Dodging
 - Level 1.7(1.4) Stealth
 + Level 2.0(1.6) Shields
 * Level 9.6(9.2) Spellcasting
 * Level 9.9(9.5) Conjurations
 - Level 5.0(4.6) Transmutations
 * Level 10.5(10.2) Earth Magic
 + Level 5.5(5.2) Invocations
 + Level 4.9(4.6) Evocations


You had 16 spell levels left.
You knew the following spells:

 Your Spells              Type           Power        Failure   Level  Hunger
a - Sandblast             Erth           ######       1%          1    None
b - Lee's Rapid Deconstr  Erth           ######....   1%          5    ####...
c - Petrify               Tmut/Erth      ######..     1%          4    #......
u - Stone Arrow           Conj/Erth      ######       1%          3    None
w - Passwall              Tmut/Erth      ######..     1%          2    None

Your spell library contained the following spells:

 Spells                   Type           Power        Failure   Level  Hunger
 Infusion                 Chrm           ##..         1%          1    None
 Shroud of Golubria       Chrm/Tloc      ##....       2%          2    None
 Song of Slaying          Chrm           ##......     2%          2    None
 Ozocubu's Armour         Chrm/Ice       ##......     6%          3    None
 Spectral Weapon          Hex/Chrm       ##......     6%          3    None


Dungeon Overview and Level Annotations

Branches:
Dungeon (11/15)            Temple (1/1) D:5            Lair (5/6) D:11
 Shoals (0/4) Lair:3        Snake (0/4) Lair:3
  Slime: Lair:5-6       Orc: D:9-12

Altars:
Ashenzari
Cheibriados
Dithmenos
Elyvilon
Fedhas
Gozag
Hepliaklqana
Kikubaaqudgha
Makhleb
Nemelex Xobeh
Okawaru
Qazlal
Ru
Sif Muna
Trog
Uskayaw
Vehumet
Wu Jian
Xom
Yredelemnul
Zin
The Shining One

Shops:
D:5 (   D:7 *   D:8 %

Annotations:
D:8 3 runed translucent doors, MilkNation's ghost, novice GrFi
Lair:3 Snorg


Innate Abilities, Weirdness & Mutations

You can breathe blasts of fire.
Your fiery red scales are hard. (AC +8)
You cannot fit into any form of body armour.
Your flesh is heat resistant. (rF+)
You are cold-blooded and may be slowed by cold attacks.


Message History

Aiming: Stone Arrow (safe; 1% risk of failure)
Press: ? - help, Shift-Dir - straight line, f/p - spiny frog
Aim: a spiny frog (moderately wounded)
The stone arrow misses the spiny frog.
You are feeling hungry.
The spiny frog stings you!!
Casting: Stone Arrow (safe; 1% risk of failure)
Confirm with . or Enter, or press ? or * to list all spells.
Aiming: Stone Arrow (safe; 1% risk of failure)
Press: ? - help, Shift-Dir - straight line, f/p - spiny frog
Aim: a spiny frog (moderately wounded)
The stone arrow hits the spiny frog!
The spiny frog is heavily wounded.
The spiny frog closely misses you. The spiny frog misses you.
The komodo dragon bites you! The spiny frog completely misses you.
The spiny frog stings you!!
* * * LOW HITPOINT WARNING * * *
The komodo dragon bites you!
You die...

.................................
....P.............#..............
..........r......................
..........#.Y...............(....
.....#..........................)
...#.##..........................
##. #...........................
....#......lF.รท..............
.#..........@................
..............#####.........
.............P# .......
......#.......# #....##...
.....#......## #....###P. ...
#.#....## #.....#... ####....#
#P...##... #.....### #...##...
.#.#.....P###...#....


You could see an elephant, a komodo dragon, a spiny frog and a rat.

Vanquished Creatures
  7 hydras
  Harold (D:8)
  4 two-headed ogres
  Urug (D:10)
  Nergalle (D:10)
  Maurice (D:10)
  4 elephants (Lair:5)
  2 black mambas (Lair:2)
  Maggie (D:6)
  8 spiny frogs
  2 komodo dragons
  A polar bear (Lair:2)
  8 blink frogs
  7 hippogriffs
  A shadow (D:11)
  A snapping turtle (Lair:3)
  3 wyverns
  Sigmund (D:2)
  A vampire (D:10)
  31 yaks
  2 hungry ghosts (D:8)
  Grum (Lair:1)
  A steam dragon (Lair:3)
  A naga (Lair:3)
  5 water moccasins
  5 porcupines
  2 black bears
  2 ice beasts
  4 orc warriors
  A phantom (D:5)
  3 sky beasts
  2 ogres
  6 centaurs
  10 wolves
  6 crocodiles
  A big kobold (D:9)
  5 bullfrogs
  3 scorpions
  15 killer bees
  4 electric eels
  5 wights (D:11)
  A howler monkey (D:5)
  6 crimson imps
  2 bullfrog zombies
  2 centaur zombies
  5 hounds
  A jelly (D:11)
  A quasit (D:10)
  5 orc priests
  3 centaur skeletons
  Ijyb (D:5)
  An iguana (D:9)
  5 hell rats
  11 orc wizards
  10 worker ants
  3 worker ant zombies
  18 gnolls
  5 river rats (Lair:1)
  16 adders
  An ooze (D:3)
  2 adder zombies
  2 adder skeletons
  A worm (D:2)
  2 dart slugs
  3 leopard geckos
  28 orcs
  7 giant cockroaches
  8 hobgoblins
  13 jackals
  2 quokkas (D:11)
  5 bats
  5 frilled lizards
  5 goblins
  A jackal zombie (D:8)
  7 kobolds
  A leopard gecko skeleton (D:4)
  A quokka skeleton (D:5)
  12 rats
372 creatures vanquished.

Vanquished Creatures (others)
  An orc (D:6)
  8 fungi
  5 plants
14 creatures vanquished.

Grand Total: 386 creatures vanquished

Notes
Turn   | Place    | Note
-------+----------+-------------------------------------------
     0 | D:1      | DerDa the Draconian Earth Elementalist began the quest for
                  | the Orb.
     0 | D:1      | Reached XP level 1. HP: 14/14 MP: 3/3
   273 | D:1      | Reached XP level 2. HP: 20/20 MP: 3/5
   284 | D:1      | Learned a level 2 spell: Passwall
   793 | D:1      | Reached XP level 3. HP: 26/26 MP: 4/7
   798 | D:1      | Learned a level 3 spell: Stone Arrow
  1469 | D:2      | Noticed Sigmund
  1475 | D:2      | Killed Sigmund
  1475 | D:2      | Reached skill level 1 in Fighting
  1475 | D:2      | Reached skill level 2 in Dodging
  1475 | D:2      | Reached skill level 1 in Conjurations
  1475 | D:2      | Reached XP level 4. HP: 32/35 MP: 3/9
  1475 | D:2      | Reached XP level 5. HP: 37/40 MP: 3/10
  1897 | D:2      | Learned a level 4 spell: Petrify
  2243 | D:3      | Reached XP level 6. HP: 46/48 MP: 1/11
  2677 | D:3      | Found a faded altar of an unknown god.
  3605 | D:4      | Found a stormy altar of Qazlal.
  3740 | D:4      | Your scales start taking on a fiery red colour.
  3740 | D:4      | Reached XP level 7. HP: 55/55 MP: 9/13
  3740 | D:4      | Gained mutation: Your flesh is heat resistant. (rF+) [Red
                  | Draconian growth]
  3928 | D:5      | Entered Level 5 of the Dungeon
  3934 | D:5      | Reached skill level 3 in Dodging
  4109 | D:5      | Reached skill level 5 in Earth Magic
  4315 | D:4      | Reached skill level 4 in Dodging
  4387 | D:5      | Noticed Ijyb
  4492 | D:5      | Killed Ijyb
  4492 | D:5      | Reached XP level 8. HP: 62/62 MP: 12/14
  4591 | D:5      | Found a staircase to the Ecumenical Temple.
  4603 | Temple   | Entered the Ecumenical Temple
  4691 | Temple   | Became a worshipper of Sif Muna the Loreminder
  4934 | D:5      | Found an iron altar of Okawaru.
  4950 | D:5      | Learned a level 5 spell: Lee's Rapid Deconstruction
  5066 | D:5      | Found Juip's Antique Weapon Shoppe.
  5123 | D:5      | Found a sparkling altar of Nemelex Xobeh.
  5407 | D:6      | Reached skill level 5 in Dodging
  5414 | D:6      | Reached skill level 5 in Spellcasting
  5572 | D:6      | Noticed Maggie
  5599 | D:6      | Killed Maggie
  5740 | D:6      | Reached skill level 5 in Conjurations
  5867 | D:6      | Reached skill level 6 in Dodging
  5869 | D:6      | Reached XP level 9. HP: 66/71 MP: 11/17
  5940 | D:6      | Reached * piety under Sif Muna
  6466 | D:6      | Found a white marble altar of Elyvilon.
  6636 | D:7      | Found Anumach's General Store.
  6648 | D:7      | Bought a potion of heal wounds for 55 gold pieces
  6648 | D:7      | Bought 2 scrolls of identify for 44 gold pieces
  6688 | D:7      | Found a hazy altar of Hepliaklqana.
  7470 | D:8      | Reached skill level 7 in Dodging
  7506 | D:8      | Found Tasaw's Food Emporium.
  7523 | D:8      | Noticed Harold
  7537 | D:8      | Killed Harold
  7816 | D:8      | Reached XP level 10. HP: 79/80 MP: 13/19
  8137 | D:8      | Reached ** piety under Sif Muna
  8383 | D:8      | Reached skill level 8 in Dodging
  8447 | D:8      | Found a runed translucent gate.
  8447 | D:8      | Found a runed translucent gate.
  8462 | D:8      | Found a runed translucent gate.
  8462 | D:8      | Noticed MilkNation's ghost (novice GrFi)
  8616 | D:9      | Reached skill level 5 in Fighting
  8868 | D:9      | Found a blossoming altar of Fedhas.
  9214 | D:5      | Bought a warped falchion for 232 gold pieces
  9214 | D:5      | Identified the +5 falchion "Rogo" {antimagic, Dex+3} (You
                  | bought it in a shop on level 5 of the Dungeon)
  9328 | D:10     | Entered Level 10 of the Dungeon
  9378 | D:10     | Noticed Urug
 10117 | D:10     | Noticed a two-headed ogre
 10120 | D:10     | Killed a two-headed ogre
 10120 | D:10     | Reached skill level 1 in Invocations
 10179 | D:10     | Reached skill level 1 in Evocations
 10196 | D:10     | Killed Urug
 10196 | D:10     | Reached skill level 9 in Dodging
 10626 | D:10     | Noticed Nergalle
 10635 | D:10     | Killed Nergalle
 10635 | D:10     | Reached skill level 5 in Transmutations
 10760 | D:10     | Noticed Maurice
 10763 | D:10     | Killed Maurice
 10763 | D:10     | Reached XP level 11. HP: 89/89 MP: 14/22
 11082 | D:10     | Noticed a two-headed ogre
 11099 | D:10     | Killed a two-headed ogre
 11611 | D:11     | Noticed a five-headed hydra
 11625 | D:11     | Killed a five-headed hydra
 11934 | D:11     | Reached *** piety under Sif Muna
 12096 | D:11     | Reached skill level 10 in Dodging
 12324 | D:11     | Noticed a two-headed ogre
 12334 | D:11     | Killed a two-headed ogre
 12639 | D:11     | Found a staircase to the Lair.
 12639 | D:11     | Noticed a two-headed ogre
 12643 | D:11     | Killed a two-headed ogre
 12809 | D:11     | Got a scorched shortbow
 13138 | Lair:1   | Entered Level 1 of the Lair of Beasts
 13816 | Lair:1   | Reached **** piety under Sif Muna
 13817 | Lair:1   | Noticed Grum
 13825 | Lair:1   | Killed Grum
 14415 | Lair:2   | Reached XP level 12. HP: 96/97 MP: 15/24
 14729 | Lair:2   | Noticed a five-headed hydra
 14754 | Lair:2   | Killed a five-headed hydra
 14754 | Lair:2   | Reached skill level 11 in Dodging
 15238 | Lair:2   | Noticed an eight-headed hydra
 15248 | Lair:2   | Killed an eight-headed hydra
 15654 | Lair:3   | Reached skill level 10 in Earth Magic
 15693 | Lair:3   | Identified the +9 shortbow of Darkness {vorpal, *Drain
                  | Int+4 Dex+3 Stlth+} (You found it on level 11 of the
                  | Dungeon)
 15786 | Lair:3   | Noticed Snorg
 15824 | Lair:3   | Found a staircase to the Snake Pit.
 15944 | Lair:3   | Reached ***** piety under Sif Muna
 16082 | Lair:3   | Noticed a four-headed hydra
 16087 | Lair:3   | Killed a four-headed hydra
 16087 | Lair:3   | Reached skill level 5 in Invocations
 16683 | Lair:3   | Reached skill level 1 in Shields
 16760 | Lair:3   | Found a staircase to the Shoals.
 16992 | Lair:4   | Noticed a five-headed hydra
 17006 | Lair:4   | Reached skill level 12 in Dodging
 17006 | Lair:4   | Reached XP level 13. HP: 70/105 MP: 2/26
 18521 | Lair:5   | Got an ivory hunting sling
 19058 | Lair:5   | Slain by a komodo dragon

Illustrated notes

Levels and vault maps discovered:
D:1:      minmay_arrival_shattered_statue, layout_rooms, moated_statue
D:2:      layout_loops_corners, uniq_sigmund
D:3:      layout_basic, chequers_ecumenical_altar_island
D:4:      layout_loops_ring, lemuel_round_altar, minmay_manual_mess
D:5:      layout_basic, okawaru_altar_gauntlet_db, nemelex_altar_shiori,
          minmay_temple_entry_stoned_glass, serial_shops, kennysheep_little_box,
          first_ration, uniq_ijyb
D:6:      layout_basic, lemuel_coloured_pillars_altar, uniq_maggie
D:7:      layout_basic, serial_shops, shop, basic_altar
D:8:      layout_basic, serial_shops, shop, gammafunk_ghost_spectres,
          uniq_harold
D:9:      layout_rooms, lemuel_doored_altar
D:10:     wad_woods_pond, layout_basic, uniq_maurice, uniq_urug, uniq_nergalle
D:11:     layout_gridville, lair_entry_dummy
Temple:   minmay_crystal_spiral_temple
Lair:1:   layout_hall_layers, kennysheep_abandoned_house, lemuel_fruit_fields,
          uniq_grum
Lair:2:   layout_long_grid, infiniplex_staircase_pool, grunt_megastairs_4
Lair:3:   layout_layer_cave, minmay_shoals_entry_hut,
          guppyfry_snake_entry_garden, uniq_snorg
Lair:4:   layout_cave_pods, serial_bayou_shore_a
Lair:5:   layout_layer_cave, kennysheep_rathole, lemuel_fruit_fields

Skill      XL: |  1  2  3  4  5  6  7  8  9 10 11 12 13 |
---------------+----------------------------------------+-----
Fighting       | 1 2 3 4 5 6 7 |  7.8
Dodging        | 2 4 6 7 9 10 12 | 12.2
Spellcasting   | 3 4 5 6 7 8 9 |  9.6
Conjurations   | 1 2 3 5 6 7 8 9 |  9.9
Earth Magic    | 4 5 6 7 8 9 10 | 10.5
Transmutations | 2 3 4 5 |  5.0
Invocations    | 2 3 5 |  5.5
Evocations     | 1 3 4 |  4.9
Shields        | 1 2 |  2.0
Stealth        | |  1.7

Action                   |  1- 3 |  4- 6 |  7- 9 | 10-12 | 13-15 || total
-------------------------+-------+-------+-------+-------+-------++-------
Melee: Club              |    57 |       |       |       |       ||    57
       Scythe            |       |    47 |    33 |       |       ||    80
       Tailslap          |       |     3 |     7 |     5 |     2 ||    17
       Trident           |       |       |    53 |    50 |       ||   103
       Broad axe         |       |       |       |     4 |    14 ||    18
Throw: Stone             |       |       |       |     5 |       ||     5
 Cast: Sandblast         |    43 |    65 |   116 |    35 |       ||   259
       Stone Arrow       |       |     5 |    72 |   255 |    28 ||   360
       Petrify           |       |       |     3 |     1 |       ||     4
       Lee's Rapid Decon |       |       |     2 |    49 |     9 ||    60
Invok: Channel Magic     |       |       |       |     1 |     1 ||     2
 Abil: Breathe Fire      |       |       |     7 |    10 |     3 ||    20
Evoke: Wand              |       |       |       |     4 |     1 ||     5
  Use: Scroll            |       |       |    12 |     6 |       ||    18
       Potion            |       |       |       |     4 |     1 ||     5
 Stab: Sleeping          |     1 |       |     1 |       |       ||     2
       Petrified         |       |       |     9 |       |       ||     9
       Distracted        |       |       |       |     1 |       ||     1
  Eat: Chunk             |     2 |     7 |    18 |    33 |     5 ||    65
       Ration            |       |       |       |     2 |     1 ||     3
Armor: Skin              |    43 |    19 |    33 |    58 |     9 ||   162
Dodge: Dodged            |    63 |    94 |   178 |   159 |    42 ||   536
